[Event "Titled Tuesday Blitz March 21 Early 2023"]
[White "Kosteniuk, Alexandra"]
[Black "Mogirzan, Matei-Valeriu"]
[WhiteFideId "4128125"]
[BlackFideId "1257455"]
[WhiteElo "2453"]
[BlackElo "1733"]
[Result "1-0"]
[Round "01"]
[TimeControl "180+2"]
[Date "2023.03.21"]
[WhiteClock "0:00:57"]
[BlackClock "0:00:02"]

1. c4 Nf6 2. Nc3 g6 3. e4 d6 4. d4 Bg7 5. Nf3 O-O 6. Be2 e5 7. O-O Nc6 8. d5 Ne7 9. Re1 Nd7 10. b4 h6 11. Ba3 f5 12. c5 Nf6 13. cxd6 cxd6 14. Nd2 f4 15. Nc4 h5 16. b5 Ne8 17. b6 axb6 18. Nb5 Nf6 19. Ncxd6 Rxa3 20. Nxc8 Nxc8 21. Nxa3 Nxe4 22. Bxh5 Nc3 23. Qb3 e4 24. d6+ Kh7 25. Bg4 Nxd6 26. Rac1 Qf6 27. Nb1 Ndb5 28. a4 Nxb1 29. Qh3+ Bh6 30. axb5 Nd2 31. Be6 e3 32. Rc7+ Qg7 33. Rxg7+ Kxg7 34. fxe3 fxe3 35. Bg4 Bf4 36. Be2 Rh8 37. Qd7+ Kf6 38. g3 Be5 39. Qxb7 Bd4 40. Rc1 Re8 41. Rc6+ Kg5 42. h4+ Kh6 43. Qf7 Nf3+ 1-0


[Site "https://www.chess.com"]

[Event "Titled Tuesday Blitz March 21 Early 2023"]
[White "Avazkhonov, Alikhon"]
[Black "Liyanage, Ranindu Dilshan"]
[WhiteFideId "14208504"]
[BlackFideId "9915834"]
[WhiteElo "1739"]
[BlackElo "2199"]
[Result "1-0"]
[Round "01"]
[TimeControl "180+2"]
[Date "2023.03.21"]
[WhiteClock "0:00:06"]
[BlackClock "0:00:12"]

1. d4 Nf6 2. c4 e6 3. Nc3 Bb4 4. e3 O-O 5. Bd2 c5 6. a3 Bxc3 7. Bxc3 Ne4 8. Ne2 b6 9. d5 d6 10. f3 Nxc3 11. Nxc3 e5 12. Qd2 f5 13. Bd3 Nd7 14. O-O Nf6 15. f4 Re8 16. Rae1 e4 17. Be2 Bd7 18. Rb1 Qc7 19. h3 a6 20. Rfc1 h6 21. b4 g5 22. g3 Kh7 23. Kh2 Qd8 24. Qb2 gxf4 25. gxf4 Rg8 26. Rg1 Qe7 27. bxc5 bxc5 28. Qb6 Raf8 29. Qa7 h5 30. Rg5 Rxg5 31. fxg5 Ne8 32. Rb7 Rf7 33. Bxh5 Rg7 34. h4 Qe5+ 35. Kg2 Nf6 36. Ne2 Qe7 37. Nf4 Ne8 38. Kf2 Qd8 39. Bxe8 Qxe8 40. Ne6 Re7 41. Rxd7 Rxd7 42. Qxd7+ 1-0


[Site "https://www.chess.com"]

[Event "Titled Tuesday Blitz March 21 Early 2023"]
[White "Preotu, Razvan"]
[Black "Fule, Simon"]
[WhiteFideId "2613280"]
[BlackFideId "787515"]
[WhiteElo "2407"]
[BlackElo "2376"]
[Result "1-0"]
[Round "01"]
[TimeControl "180+2"]
[Date "2023.03.21"]
[WhiteClock "0:00:42"]
[BlackClock "0:00:30"]

1. e4 e5 2. Nf3 Nc6 3. Bc4 Nf6 4. d3 h6 5. c3 d6 6. a4 g5 7. Qb3 Qe7 8. a5 a6 9. Nbd2 Bg7 10. Nf1 O-O 11. Ng3 Nd8 12. O-O Be6 13. d4 Bg4 14. dxe5 dxe5 15. Be3 Bxf3 16. gxf3 Ne6 17. Nf5 Qe8 18. Qxb7 Rb8 19. Qxa6 Rxb2 20. Rfb1 Rc2 21. Ra3 Nh5 22. Bd3 Nd4 23. cxd4 Rc6 24. Qxc6 1-0


[Site "https://www.chess.com"]

[Event "Titled Tuesday Blitz March 21 Early 2023"]
[White "Rios Escobar, Adan"]
[Black "Mindlin, Alon"]
[WhiteFideId "3403645"]
[BlackFideId "2800071"]
[WhiteElo "2370"]
[BlackElo "2430"]
[Result "1-0"]
[Round "01"]
[TimeControl "180+2"]
[Date "2023.03.21"]
[WhiteClock "0:00:18"]
[BlackClock "0:01:24"]

1. d4 Nf6 2. g3 d5 3. Nf3 e6 4. Bg2 Be7 5. O-O O-O 6. c4 dxc4 7. Qc2 a6 8. a4 Bd7 9. Rd1 Bc6 10. Nc3 Bb4 11. Bg5 Nbd7 12. Ne5 Bxg2 13. Kxg2 Be7 14. Nxc4 Nd5 15. Bxe7 Qxe7 16. e4 Nxc3 17. bxc3 Rfd8 18. Rab1 b6 19. Ne3 Nf6 20. h4 h6 21. Rb3 Rd7 22. c4 Rad8 23. e5 Ne8 24. Qb2 c5 25. d5 exd5 26. cxd5 Rb8 27. Rxb6 Rxb6 28. Qxb6 Qxe5 29. Qxc5 Qe4+ 30. Kg1 Qxa4 31. Qc8 Re7 32. Rc1 Kh7 33. Qc2+ Qxc2 34. Rxc2 Ra7 35. Nc4 Rc7 36. Ne3 Rc3 37. Rxc3 Kg6 38. Rc6+ f6 39. Rxa6 1-0


[Site "https://www.chess.com"]

[Event "Titled Tuesday Blitz March 21 Early 2023"]
[White "Csonka, Balazs"]
[Black "Bochnicka, Vladimir"]
[WhiteFideId "742910"]
[BlackFideId "14943450"]
[WhiteElo "2404"]
[BlackElo "2094"]
[Result "1-0"]
[Round "01"]
[TimeControl "180+2"]
[Date "2023.03.21"]
[WhiteClock "0:01:02"]
[BlackClock "0:00:59"]

1. d4 Nf6 2. c4 g6 3. Nc3 Bg7 4. e4 d6 5. Be2 O-O 6. Nf3 e5 7. d5 a5 8. Bg5 Na6 9. Nd2 h6 10. Be3 c6 11. O-O Ne8 12. a3 c5 13. g4 f5 14. gxf5 gxf5 15. exf5 Bxf5 16. Kh1 Kh8 17. Rg1 Nf6 18. Rg3 Nc7 19. Qg1 Rf7 20. Qg2 Qe7 21. Rg1 Rg8 22. Nde4 Qf8 23. Nxf6 Rxf6 24. Ne4 Bxe4 25. Qxe4 Ne8 26. Bd3 1-0


[Site "https://www.chess.com"]

[Event "Titled Tuesday Blitz March 21 Early 2023"]
[White "Mirzanurov, Bulat"]
[Black "Fernandez Guillen, Ernesto J."]
[WhiteFideId "4184521"]
[BlackFideId "3512428"]
[WhiteElo "2019"]
[BlackElo "2423"]
[Result "0-1"]
[Round "01"]
[TimeControl "180+2"]
[Date "2023.03.21"]
[WhiteClock "0:01:00"]
[BlackClock "0:02:01"]

1. e4 e5 2. Nf3 Nc6 3. Bb5 f5 4. Nc3 fxe4 5. Nxe4 d5 6. Ng3 Bd6 7. d4 e4 8. Ne5 Ne7 9. O-O O-O 10. Nxc6 bxc6 11. Ba4 Rb8 12. c3 Kh8 13. Bg5 Bd7 14. Bb3 Qe8 15. Be3 Nf5 16. Nxf5 Bxf5 17. Rb1 Qg6 18. Ba4 Bh3 19. g3 Bg4 20. Qe1 Bf3 21. Bxc6 Qg4 0-1


[Site "https://www.chess.com"]

[Event "Titled Tuesday Blitz March 21 Early 2023"]
[White "Bolourchifard, Farzad"]
[Black "Krzywda, Andrzej"]
[WhiteFideId "12510084"]
[BlackFideId "1114565"]
[WhiteElo "2317"]
[BlackElo "2155"]
[Result "1-0"]
[Round "01"]
[TimeControl "180+2"]
[Date "2023.03.21"]
[WhiteClock "0:01:39"]
[BlackClock "0:00:10"]

1. e4 c5 2. Nc3 d6 3. g3 g6 4. Bg2 Bg7 5. d3 Nc6 6. Be3 e5 7. Qd2 Nge7 8. Bh6 Bxh6 9. Qxh6 Be6 10. Qg7 Rg8 11. Qxh7 Nd4 12. O-O-O b5 13. Kb1 b4 14. Nce2 Nb5 15. Bh3 f5 16. Qh6 Qa5 17. b3 Nc3+ 18. Nxc3 bxc3 19. Ne2 O-O-O 20. exf5 Nxf5 21. Bxf5 Bxf5 22. Qh4 Qb4 23. Qc4 d5 24. Qxc3 Qxc3 25. Nxc3 Kc7 26. Rde1 Rge8 27. h4 Bg4 28. Nd1 Bf3 29. Rh2 d4 30. Nb2 Bd5 31. Nc4 Bxc4 32. bxc4 Rb8+ 33. Kc1 Rb6 34. h5 gxh5 35. Rxh5 Reb8 36. Rh7+ Kd6 37. Rh6+ Kc7 38. Rxb6 Rxb6 39. Rxe5 Ra6 40. Rxc5+ Kb6 41. Rb5+ Kc6 42. Kb2 1-0


[Site "https://www.chess.com"]

[Event "Titled Tuesday Blitz March 21 Early 2023"]
[White "Melikhov, Evgeny V."]
[Black "Aradhya, Garg"]
[WhiteFideId "4122046"]
[BlackFideId "25006746"]
[WhiteElo "2158"]
[BlackElo "2263"]
[Result "0-1"]
[Round "01"]
[TimeControl "180+2"]
[Date "2023.03.21"]
[WhiteClock "0:00:01"]
[BlackClock "0:00:27"]

1. d4 d5 2. c4 c6 3. Nc3 Nf6 4. e3 Bf5 5. Nf3 e6 6. Nh4 Be4 7. f3 Bg6 8. Nxg6 hxg6 9. h3 Nbd7 10. f4 Bb4 11. Bd2 Bxc3 12. Bxc3 Ne4 13. Qg4 Rh6 14. Bd3 f5 15. Qf3 Qh4+ 16. Kd1 Nf2+ 17. Kc2 Nxh1 18. Rxh1 Qe7 19. a3 Nf6 20. Kb1 Ne4 21. Bxe4 dxe4 22. Qe2 O-O-O 23. Rc1 Kb8 24. Qc2 g5 25. Qb3 gxf4 26. exf4 Rg6 27. Rc2 Ka8 28. Ka1 Qc7 29. d5 exd5 30. Be5 Qb6 31. Qxb6 axb6 32. cxd5 Rxd5 33. g4 fxg4 34. hxg4 Rxg4 35. Re2 g5 36. Rxe4 gxf4 37. Bc7 Ka7 38. Rxf4 Rxf4 39. Bxf4 b5 40. Be3+ b6 41. Bf4 Kb7 42. Ka2 Rd1 43. Kb3 c5 44. Kc2 Rf1 45. Bg5 Kc6 46. Kc3 Rf3+ 47. Kc2 Rg3 48. Bf6 Rg6 49. Bd8 Kd5 50. Be7 Kc4 51. b3+ Kd5 52. Bf8 c4 53. bxc4+ bxc4 54. Bb4 Rg2+ 55. Kd1 Kd4 56. Kc1 c3 0-1


[Site "https://www.chess.com"]

[Event "Titled Tuesday Blitz March 21 Early 2023"]
[White "Weetik, Vjacheslav"]
[Black "Liu, Yi"]
[WhiteFideId "4153472"]
[BlackFideId "3210588"]
[WhiteElo "2469"]
[BlackElo "2264"]
[Result "1-0"]
[Round "01"]
[TimeControl "180+2"]
[Date "2023.03.21"]
[WhiteClock "0:00:57"]
[BlackClock "0:00:39"]

1. d4 Nf6 2. c4 e6 3. g3 d5 4. Nf3 c6 5. Bg2 Be7 6. O-O O-O 7. Nc3 Nbd7 8. Qd3 b6 9. e4 dxe4 10. Nxe4 Bb7 11. Bf4 c5 12. Nxf6+ Nxf6 13. Rad1 Be4 14. Qe2 Qc8 15. d5 exd5 16. cxd5 Qd7 17. d6 Bd8 18. Rfe1 Re8 19. Ne5 Rxe5 20. Bxe5 Bxg2 21. Kxg2 Qc6+ 22. Qf3 Qxf3+ 23. Kxf3 Kf8 24. d7 Be7 25. Bc7 Bd8 26. Bd6+ Kg8 27. Re8+ Nxe8 28. dxe8=Q# 1-0


[Site "https://www.chess.com"]

[Event "Titled Tuesday Blitz March 21 Early 2023"]
[White "Klepikov, Nikita"]
[Black "Karthik Rajaa"]
[WhiteFideId "24145220"]
[BlackFideId "25035215"]
[WhiteElo "2025"]
[BlackElo "2215"]
[Result "1-0"]
[Round "01"]
[TimeControl "180+2"]
[Date "2023.03.21"]
[WhiteClock "0:00:48"]
[BlackClock "0:00:15"]

1. e4 c6 2. d4 d5 3. Nd2 dxe4 4. Nxe4 Nd7 5. Bc4 Ngf6 6. Ng5 e6 7. Qe2 Nb6 8. Bd3 Qxd4 9. N1f3 Bb4+ 10. c3 Bxc3+ 11. Kf1 Qc5 12. bxc3 O-O 13. c4 h6 14. Ne4 Nxe4 15. Qxe4 f5 16. Qe5 Qe7 17. Bb2 Nd7 18. Qc3 b6 19. Re1 Rf7 20. Nd4 Nc5 21. Nxf5 Qg5 22. h4 Qg4 23. Nxh6+ 1-0


[Site "https://www.chess.com"]

[Event "Titled Tuesday Blitz March 21 Early 2023"]
[White "Skvortsov, Andrei"]
[Black "Real_taiatai"]
[WhiteFideId "24108600"]
[WhiteElo "2259"]
[BlackElo "2357"]
[Result "1-0"]
[Round "01"]
[TimeControl "180+2"]
[Date "2023.03.21"]
[WhiteClock "0:01:20"]
[BlackClock "0:01:44"]

1. d4 Nf6 2. Nf3 e6 3. Bg5 c5 4. Nc3 cxd4 5. Qxd4 Nc6 6. Qd3 d5 7. e4 dxe4 8. Qxd8+ Nxd8 9. Bb5+ Bd7 10. O-O-O Nc6 11. Nd2 a6 12. Be2 Nd4 13. Bf1 Be7 14. Ndxe4 Nxe4 15. Nxe4 Nc6 16. Nd6+ Bxd6 17. Rxd6 f6 18. Be3 Ke7 19. Bc5 Rhd8 20. Rxc6+ 1-0


[Site "https://www.chess.com"]

[Event "Titled Tuesday Blitz March 21 Early 2023"]
[White "Fernandez Siles, Luis"]
[Black "Manukyan, Sargis A."]
[WhiteFideId "2209420"]
[BlackFideId "13303970"]
[WhiteElo "2186"]
[BlackElo "2187"]
[Result "0-1"]
[Round "01"]
[TimeControl "180+2"]
[Date "2023.03.21"]
[WhiteClock "0:00:10"]
[BlackClock "0:00:53"]

1. d4 d5 2. c4 e6 3. Nc3 Nf6 4. cxd5 exd5 5. Bg5 Be7 6. e3 O-O 7. Qc2 c6 8. Bd3 Nbd7 9. Nf3 Re8 10. O-O Nf8 11. h3 h6 12. Bxf6 Bxf6 13. b4 a6 14. a4 Ne6 15. b5 axb5 16. axb5 Rxa1 17. Rxa1 Ng5 18. Nxg5 hxg5 19. bxc6 bxc6 20. Bh7+ Kf8 21. Bf5 Qd6 22. Ra7 Bxd4 23. Bxc8 Bxa7 24. Bf5 g6 25. Bd3 Bb8 26. g3 d4 27. Ne4 Rxe4 28. Bxe4 dxe3 29. g4 Qh2+ 30. Kf1 Qxh3+ 31. Bg2 Qxg4 32. Qc5+ Kg7 33. Qc3+ Kg8 34. Qxe3 Bf4 35. Qe8+ Kg7 36. Bxc6 Qh3+ 37. Ke2 Qg4+ 38. Bf3 Qf5 39. Qe4 Qb5+ 40. Qd3 Qb2+ 41. Kf1 Be5 42. Bd5 Bd4 43. Qf3 f5 44. Kg2 Qd2 45. Ba8 g4 46. Qg3 Kh6 47. Qh4+ Kg7 48. Qe7+ Kg8 49. Qe8+ Kh7 50. Qe7+ Bg7 51. Qh4+ Kg8 52. Qd8+ Qxd8 0-1


[Site "https://www.chess.com"]

[Event "Titled Tuesday Blitz March 21 Early 2023"]
[White "Perez Gormaz, Matias"]
[Black "Savitha Shri B"]
[WhiteFideId "3406342"]
[BlackFideId "35061887"]
[WhiteElo "2362"]
[BlackElo "2191"]
[Result "1-0"]
[Round "01"]
[TimeControl "180+2"]
[Date "2023.03.21"]
[WhiteClock "0:00:08"]
[BlackClock "0:00:30"]

1. Nf3 c5 2. b3 d5 3. e3 Nc6 4. Bb2 Nf6 5. Bb5 e6 6. O-O Bd7 7. d3 a6 8. Bxc6 Bxc6 9. Ne5 Bd6 10. Nd2 Qc7 11. f4 h5 12. c4 Nd7 13. Ndf3 dxc4 14. Nxc4 f6 15. Rc1 Be7 16. Nh4 b5 17. Nd2 Rh6 18. e4 Qb6 19. Kh1 O-O-O 20. Nhf3 Kb7 21. Qc2 g5 22. fxg5 fxg5 23. Ng1 g4 24. Rf7 Bg5 25. Rcf1 Kc8 26. Bc1 h4 27. Nc4 bxc4 28. Bxg5 cxd3 29. Qd2 Rhh8 30. Bxd8 Rxd8 31. R7f4 h3 32. gxh3 gxh3 33. Qxd3 Ne5 34. Qxh3 Qb4 35. Qxe6+ Kb7 36. Qxe5 Re8 37. Qg7+ Kb6 38. Nf3 Bxe4 39. Qg2 Qb5 40. Rxe4 Rxe4 41. Nd2 Re6 42. Nc4+ Kc7 43. Qg7+ Kd8 44. Rf8+ Re8 45. Qf6+ Kd7 46. Qd6+ 1-0


[Site "https://www.chess.com"]

[Event "Titled Tuesday Blitz March 21 Early 2023"]
[White "Guzman Moneo, Alberto"]
[Black "Parkhov, Yair"]
[WhiteFideId "2209616"]
[BlackFideId "2813408"]
[WhiteElo "2157"]
[BlackElo "2421"]
[Result "0-1"]
[Round "01"]
[TimeControl "180+2"]
[Date "2023.03.21"]
[WhiteClock "0:01:57"]
[BlackClock "0:01:16"]

1. e4 e5 2. Nf3 Nc6 3. d4 exd4 4. Nxd4 Nf6 5. Nxc6 bxc6 6. e5 Qe7 7. Qe2 Nd5 8. c4 Ba6 9. b3 Qh4 10. a3 Bc5 11. g3 Qe7 12. Qe4 f5 13. Qe2 O-O 14. Bb2 f4 15. g4 f3 16. Qe4 Rf4 17. Qd3 Bxf2+ 18. Kxf2 Qh4+ 19. Kg1 Rxg4+ 20. Bg2 Qe1+ 21. Qf1 f2# 0-1


[Site "https://www.chess.com"]

[Event "Titled Tuesday Blitz March 21 Early 2023"]
[White "Krysa, Leandro"]
[Black "Bhavikatti, Neil"]
[WhiteFideId "116807"]
[BlackFideId "30935024"]
[WhiteElo "2485"]
[BlackElo "2348"]
[Result "1-0"]
[Round "01"]
[TimeControl "180+2"]
[Date "2023.03.21"]
[WhiteClock "0:00:04"]
[BlackClock "0:00:03"]

1. e4 e5 2. Nf3 Nc6 3. d4 exd4 4. Nxd4 Nf6 5. Nxc6 bxc6 6. e5 Qe7 7. Qe2 Nd5 8. Nd2 g6 9. c4 Ba6 10. b3 Bg7 11. Bb2 O-O-O 12. O-O-O Nb6 13. g3 Rhe8 14. f4 Kb8 15. Qf3 f6 16. exf6 Bxf6 17. Bh3 Bxb2+ 18. Kxb2 Qf6+ 19. Qc3 Qxc3+ 20. Kxc3 d5 21. Rhe1 d4+ 22. Kc2 Rxe1 23. Rxe1 Bc8 24. Bxc8 Nxc8 25. Re6 Kb7 26. Ne4 Nd6 27. Nxd6+ Rxd6 28. Re7 h6 29. Kd3 c5 30. h4 h5 31. Re5 Kb6 32. Re8 a5 33. Re7 a4 34. bxa4 Rc6 35. Re5 Ka5 36. f5 gxf5 37. Rxf5 Kxa4 38. Rxh5 Kb4 39. Rh8 Re6 40. Rb8+ Ka3 41. Rg8 Re3+ 42. Kd2 Kb4 43. h5 Kxc4 44. h6 Re7 45. Rg7 Re6 46. h7 Rh6 47. g4 Rh2+ 48. Ke1 d3 49. g5 Kc3 50. Rd7 d2+ 51. Rxd2 Rxh7 52. Rg2 Rg7 53. g6 c4 54. Kd1 Kd3 55. Kc1 c3 56. Rg3+ Kc4 57. Kc2 Kd4 58. Rg4+ Kc5 59. Kxc3 c6 60. Rg5+ Kb6 61. Kc4 c5 62. a4 Ka5 63. Kxc5 Kxa4 64. Kd6 Rg8 65. Ke7 1-0


[Site "https://www.chess.com"]

[Event "Titled Tuesday Blitz March 21 Early 2023"]
[White "Van Osch, Mees"]
[Black "HSH1987"]
[WhiteFideId "1035967"]
[WhiteElo "2324"]
[BlackElo "2711"]
[Result "0-1"]
[Round "01"]
[TimeControl "180+2"]
[Date "2023.03.21"]
[WhiteClock "0:00:18"]
[BlackClock "0:00:05"]

1. e4 c6 2. Nc3 d5 3. Nf3 Bg4 4. h3 Bxf3 5. Qxf3 e6 6. g3 Nf6 7. Bg2 g6 8. O-O Bg7 9. Rd1 O-O 10. d4 dxe4 11. Nxe4 Nxe4 12. Qxe4 Nd7 13. c3 a5 14. a4 Re8 15. Bf4 Nb6 16. h4 h5 17. Rd2 Nc4 18. Re2 Qb6 19. Rb1 Qb3 20. Ra1 Rad8 21. Qc2 Qxc2 22. Rxc2 e5 23. dxe5 Bxe5 24. Bg5 f6 25. Bh6 Kh7 26. Bf1 Nxb2 27. Be3 Nd3 28. Bb6 Rd5 29. Rd1 Nb4 30. Rxd5 Nxc2 31. Rd7+ Kh8 32. Bxa5 Ra8 33. Bb4 Nxb4 34. cxb4 b6 35. a5 bxa5 36. bxa5 Rxa5 37. Rd8+ Kg7 38. Rc8 Rc5 39. Bg2 Rc1+ 40. Kh2 c5 41. Bd5 Rc2 42. Rg8+ Kh7 43. Kg2 Bd4 44. Rc8 Rxf2+ 45. Kh3 Rf5 46. Rc7+ Kh8 47. Be4 Re5 48. Bxg6 Bf2 49. Rh7+ Kg8 50. Rxh5 Re3 51. Kg2 Bxg3 52. Rxc5 Bxh4 53. Rc7 Rg3+ 54. Kh2 Rxg6 55. Kh3 Bf2 56. Rc8+ Kg7 57. Rc2 Bd4 58. Rd2 Be5 59. Rd3 Kh6 60. Kh4 Rg1 61. Rd8 Kg7 62. Rd7+ Kg6 63. Rd8 Rh1+ 64. Kg4 f5+ 65. Kf3 Rh3+ 66. Kg2 Rg3+ 67. Kf2 Ra3 68. Rg8+ Kf6 69. Rf8+ Kg5 70. Rg8+ Kf4 71. Rc8 Ra2+ 72. Ke1 Ke4 73. Rc4+ Bd4 74. Rc8 f4 75. Ra8 Rxa8 76. Ke2 Ra7 77. Kd1 Ra6 78. Kc2 Ra5 79. Kb3 f3 80. Kc4 Rf5 81. Kb4 f2 82. Kc4 f1=Q+ 83. Kb3 Qb1+ 84. Kc4 Rc5# 0-1


[Site "https://www.chess.com"]

[Event "Titled Tuesday Blitz March 21 Early 2023"]
[White "Schmakel, Sam"]
[Black "Buscar, Michael"]
[WhiteFideId "2039311"]
[BlackFideId "2603616"]
[WhiteElo "2356"]
[BlackElo "2010"]
[Result "1-0"]
[Round "01"]
[TimeControl "180+2"]
[Date "2023.03.21"]
[WhiteClock "0:01:17"]
[BlackClock "0:00:54"]

1. d4 Nf6 2. c4 e6 3. Nf3 d5 4. g3 Bb4+ 5. Bd2 a5 6. Bg2 O-O 7. Qc2 Nc6 8. O-O Ne4 9. Bf4 Be7 10. Nc3 Nb4 11. Qb3 Nxc3 12. Qxc3 c6 13. Rfd1 dxc4 14. Qxc4 Nd5 15. Bd2 Bb4 16. e4 Nb6 17. Qb3 Bxd2 18. Rxd2 Qc7 19. Rc1 Bd7 20. d5 c5 21. d6 Qc8 22. Qxb6 1-0


[Site "https://www.chess.com"]

[Event "Titled Tuesday Blitz March 21 Early 2023"]
[White "Lopez Del Alamo, Antonio"]
[Black "Hernandez Gonzalez, William"]
[WhiteFideId "2227339"]
[BlackFideId "3509915"]
[WhiteElo "2175"]
[BlackElo "2374"]
[Result "0-1"]
[Round "01"]
[TimeControl "180+2"]
[Date "2023.03.21"]
[WhiteClock "0:00:02"]
[BlackClock "0:00:18"]

1. e4 c5 2. Nf3 d6 3. d4 cxd4 4. Nxd4 Nf6 5. Nc3 g6 6. Be2 a6 7. O-O Bg7 8. Bg5 O-O 9. Kh1 Nbd7 10. f4 Re8 11. Bf3 Qc7 12. Nd5 Nxd5 13. exd5 Nb6 14. c3 Nc4 15. Qe2 b5 16. Rac1 Bb7 17. b3 Nb6 18. Nc6 Nxd5 19. c4 Nc3 20. Rxc3 Bxc3 21. Nxe7+ Kf8 22. Bh6+ Bg7 23. Bxg7+ Kxg7 24. Qb2+ f6 25. Bxb7 Qxb7 26. Nd5 Qf7 27. f5 g5 28. h3 bxc4 29. bxc4 Re4 30. Qb6 Rxc4 31. Rd1 Rac8 32. Qxd6 Rc1 33. Rxc1 Rxc1+ 34. Kh2 Rd1 35. Qxa6 Rxd5 36. a4 Qc7+ 0-1


[Site "https://www.chess.com"]

[Event "Titled Tuesday Blitz March 21 Early 2023"]
[White "Larino Nieto, David"]
[Black "Manon-og, Ramon Jr."]
[WhiteFideId "2256444"]
[BlackFideId "5200776"]
[WhiteElo "2506"]
[BlackElo "2331"]
[Result "1-0"]
[Round "01"]
[TimeControl "180+2"]
[Date "2023.03.21"]
[WhiteClock "0:00:34"]
[BlackClock "0:00:36"]

1. e4 c5 2. Nc3 d6 3. g3 Nc6 4. Bg2 Nf6 5. d3 g6 6. f4 Bg7 7. h3 O-O 8. Nf3 Nd4 9. O-O Rb8 10. Be3 Ne8 11. g4 b5 12. a3 a5 13. Bf2 b4 14. axb4 axb4 15. Na4 Nxf3+ 16. Qxf3 Bd7 17. e5 Nc7 18. Rfe1 Ne6 19. c3 Qc7 20. d4 Ra8 21. d5 Rxa4 22. Rxa4 Bxa4 23. dxe6 fxe6 24. Qe2 d5 25. Bg3 bxc3 26. bxc3 c4 27. Kh2 Rb8 28. Ra1 Bc6 29. Qf2 Qb6 30. g5 Qxf2 31. Bxf2 Rb2 32. Bd4 h6 33. h4 hxg5 34. hxg5 Kf7 35. Kg3 Rd2 36. Ra6 Bb5 37. Rb6 Ba4 38. Bh3 Rd3+ 39. Kh4 Bd7 40. Bg4 Rd1 41. Bxd1 Ke8 42. Rb8+ Kf7 43. Ra8 Bf8 44. Ba4 Bxa4 45. Rxa4 Bg7 46. Kg4 Bf8 47. Kf3 Bg7 48. Ke3 Bf8 49. Kd2 Bg7 50. Kc2 Bf8 51. Kb2 Bg7 52. Ka3 Bf8 53. Kb4 Bg7 54. Kc5 Bf8 55. Kc6 Bg7 56. Kd7 Bf8 57. Ra6 Bg7 58. Rxe6 Bf8 59. Bc5 1-0


[Site "https://www.chess.com"]

[Event "Titled Tuesday Blitz March 21 Early 2023"]
[White "Alahakoon, Isuru"]
[Black "Dehtiarov, Roman"]
[WhiteFideId "9900993"]
[BlackFideId "14186640"]
[WhiteElo "1995"]
[BlackElo "2162"]
[Result "0-1"]
[Round "01"]
[TimeControl "180+2"]
[Date "2023.03.21"]
[WhiteClock "0:00:01"]
[BlackClock "0:00:15"]

1. Nf3 Nf6 2. d4 d5 3. e3 Bf5 4. c4 e6 5. Qb3 Nc6 6. cxd5 exd5 7. Qxb7 Nb4 8. Bb5+ Bd7 9. Bxd7+ Nxd7 10. Na3 Rb8 11. Qxa7 Nd3+ 12. Ke2 Nb4 13. Qa4 Bd6 14. Nb5 O-O 15. Nxd6 cxd6 16. Bd2 Qb6 17. Bxb4 Qxb4 18. Qxb4 Rxb4 19. b3 Ra8 20. Rhc1 h6 21. Rc2 Nf6 22. Nd2 g5 23. Rac1 Kg7 24. a4 Re8 25. Rc6 Rxd4 26. Kd1 Rb4 27. Rxd6 Ng4 28. Ke2 d4 29. h3 dxe3 30. hxg4 exd2+ 31. Kxd2 Rxb3 32. Rc4 Rb2+ 33. Rc2 Rb4 34. Ra6 Rxg4 35. g3 Rd4+ 36. Kc1 Re1+ 37. Kb2 Rb4+ 38. Kc3 Reb1 39. a5 R1b3+ 40. Kd2 Ra3 41. Ra7 Rb5 42. a6 Rf5 43. Kc1 Rf6 44. Ra8 Raxa6 45. Rxa6 Rxa6 46. Kd2 Re6 47. Rc5 Kg6 48. g4 h5 49. gxh5+ Kxh5 50. Rc7 f5 51. Rf7 Kg4 52. Rf8 f4 53. Rg8 Re5 0-1


[Site "https://www.chess.com"]

[Event "Titled Tuesday Blitz March 21 Early 2023"]
[White "Tatarinov, Dmitry"]
[Black "Lorenzo De La Riva, Lazaro"]
[WhiteFideId "24160067"]
[BlackFideId "2268809"]
[WhiteElo "2326"]
[BlackElo "2294"]
[Result "0-1"]
[Round "01"]
[TimeControl "180+2"]
[Date "2023.03.21"]
[WhiteClock "0:00:15"]
[BlackClock "0:00:34"]

1. e4 c5 2. Nf3 Nc6 3. d4 cxd4 4. Nxd4 Nf6 5. Nc3 e6 6. Bf4 Bc5 7. Nxc6 bxc6 8. Qd2 O-O 9. Bd3 d5 10. e5 Nd7 11. O-O f5 12. Ne2 a5 13. c4 Be7 14. Nd4 Nb8 15. cxd5 cxd5 16. Rac1 Bd7 17. h3 g5 18. Bh2 Qb6 19. Bb1 Nc6 20. Nxc6 Bxc6 21. Kh1 Rac8 22. f4 h6 23. g4 d4+ 24. Kg1 d3+ 25. Rf2 Bc5 26. Rf1 Be4 27. Bxd3 Bxf2+ 28. Rxf2 Rfd8 29. fxg5 Rxd3 30. gxh6 0-1


[Site "https://www.chess.com"]

[Event "Titled Tuesday Blitz March 21 Early 2023"]
[White "Abduzhaparov"]
[Black "Rozman, Levy"]
[BlackFideId "2039877"]
[WhiteElo "2325"]
[BlackElo "2376"]
[Result "1-0"]
[Round "01"]
[TimeControl "180+2"]
[Date "2023.03.21"]
[WhiteClock "0:00:53"]
[BlackClock "0:00:59"]

1. Nf3 d5 2. c4 e6 3. g3 dxc4 4. Bg2 Nd7 5. Qa4 a6 6. Nc3 Nf6 7. Qxc4 b5 8. Qb3 Bb7 9. d4 c5 10. O-O cxd4 11. Nxd4 Bxg2 12. Kxg2 Nc5 13. Qd1 b4 14. Na4 Qd5+ 15. Kg1 Rd8 16. Nxc5 Bxc5 17. Qa4+ Rd7 18. Nf3 O-O 19. Bg5 Ne4 20. Rad1 Bxf2+ 21. Kg2 Nc5 22. Rxd5 Rxd5 23. Qxb4 a5 24. Qc4 h6 25. Be7 Re8 26. e4 Rh5 27. Rxf2 Rxe7 28. g4 1-0


[Site "https://www.chess.com"]

[Event "Titled Tuesday Blitz March 21 Early 2023"]
[White "Kowalczyk, Pawel"]
[Black "Korpics, Zsolt"]
[WhiteFideId "1130641"]
[BlackFideId "705241"]
[WhiteElo "2324"]
[BlackElo "2323"]
[Result "1-0"]
[Round "01"]
[TimeControl "180+2"]
[Date "2023.03.21"]
[WhiteClock "0:01:34"]
[BlackClock "0:00:49"]

1. e4 c5 2. Ne2 e6 3. g3 g6 4. Bg2 Bg7 5. O-O Ne7 6. c3 d5 7. exd5 Nxd5 8. d4 cxd4 9. Nxd4 O-O 10. Na3 Bd7 11. Nc4 Nc6 12. Nb5 Nc7 13. Nbd6 Rb8 14. Bf4 b5 15. Na3 e5 16. Be3 a5 17. Qe2 b4 18. Nac4 Nb5 19. Nxb5 Rxb5 20. a4 Rb8 21. Rfd1 Qe7 22. Nb6 Be8 23. Nd5 Qe6 24. Bc5 Kh8 25. Bxf8 Bxf8 26. Nc7 Qe7 27. Nxe8 Qxe8 28. Bxc6 Qxc6 29. Qxe5+ Kg8 30. Qxb8 bxc3 31. Rd8 c2 32. Rxf8+ Kg7 33. Rg8+ Kh6 34. Qf4+ Kh5 35. Qh4# 1-0


[Site "https://www.chess.com"]

[Event "Titled Tuesday Blitz March 21 Early 2023"]
[White "Sovetbekova, Nurai"]
[Black "Hamitevici, Vladimir"]
[WhiteFideId "13801910"]
[BlackFideId "13902393"]
[WhiteElo "1857"]
[BlackElo "2401"]
[Result "0-1"]
[Round "01"]
[TimeControl "180+2"]
[Date "2023.03.21"]
[WhiteClock "0:00:01"]
[BlackClock "0:00:09"]

1. d4 e6 2. c4 b6 3. Nc3 Bb7 4. e4 Bb4 5. f3 Bxc3+ 6. bxc3 Ne7 7. Bd3 Ng6 8. Ne2 e5 9. O-O d6 10. Be3 O-O 11. Qb3 Nc6 12. Rfd1 Na5 13. Qc2 c5 14. Ng3 Ba6 15. Nf5 Bxc4 16. dxe5 Nxe5 17. Bxc4 Naxc4 18. Bf4 Qf6 19. Qe2 Rfd8 20. Bxe5 Nxe5 21. Rd5 g6 22. Ne3 Rd7 23. Rad1 Rad8 24. Qd2 Qe6 25. c4 Nc6 26. Nc2 Ne7 27. Qg5 Nxd5 28. Rxd5 f6 29. Qd2 f5 30. exf5 Qf6 31. fxg6 hxg6 32. h3 Re8 33. Kh2 Re5 34. Rd3 Re6 35. Rd5 Re5 36. Ne3 Qf4+ 37. Kg1 Qxe3+ 0-1


[Site "https://www.chess.com"]

[Event "Titled Tuesday Blitz March 21 Early 2023"]
[White "Bronstein, Or"]
[Black "Kraus, Tomas"]
[WhiteFideId "2815770"]
[BlackFideId "331708"]
[WhiteElo "2356"]
[BlackElo "2389"]
[Result "1-0"]
[Round "01"]
[TimeControl "180+2"]
[Date "2023.03.21"]
[WhiteClock "0:01:24"]
[BlackClock "0:00:16"]

1. e4 e6 2. d3 d5 3. Nd2 Nf6 4. Ngf3 c5 5. g3 Nc6 6. Bg2 Be7 7. O-O b5 8. Re1 O-O 9. a4 b4 10. exd5 exd5 11. Nb3 h6 12. Bf4 Be6 13. h3 Rc8 14. g4 Bd6 15. Qd2 Bxf4 16. Qxf4 c4 17. Nbd4 Nxd4 18. Nxd4 cxd3 19. cxd3 Re8 20. Nb5 Rc2 21. Rac1 b3 22. Rxc2 bxc2 23. Rc1 Qa5 24. Rxc2 Qxa4 25. Qxa4 1-0


[Site "https://www.chess.com"]